 Dungeon Crawl Stone Soup version 0.20.0-8-g6b59dc7 (webtiles) character file.

6377 Monsterracer the Basher (level 10, -7/58 HPs)
             Began as a Gargoyle Monk on June 1, 2017.
             Was an Elder of Ru.
             Killed from afar by a deep elf mage (12 damage)
             ... with a bolt of fire
             ... on level 9 of the Dungeon.
             The game lasted 00:19:27 (11890 turns).

Monsterracer the Basher (Gargoyle Monk)            Turns: 11890, Time: 00:19:28

Health: -7/58      AC: 21    Str: 22    XL:     10   Next: 97%
Magic:  0/10       EV:  8    Int: 12    God:    Ru [****..]
Gold:   401        SH:  7    Dex: 12    Spells: 7/9 levels left

rFire    . . .     SeeInvis .   d - +0 morningstar
rCold    . . .     Gourm    .   u - +2 buckler
rNeg     + . .     Faith    .   t - +1 plate armour {MR+}
rPois    ∞         Spirit   +   (no helmet)
rElec    +         Reflect  .   (no cloak)
rCorr    +         Harm     .   (no gloves)
MR       +....                  (no boots)
Stlth    ..........             h - amulet of guardian spirit
Regen    0.2/turn               b - ring of wizardry
MPRegen  0.2/turn               o - ring of resist corrosion

@: mighty
A: frail 1, negative energy resistance 1, electricity resistance, unbreathing,
petrification resistance, rot immunity, hated by all, AC +7
a: Draw Out Power, Power Leap, Renounce Religion


You were on level 9 of the Dungeon.
You worshipped Ru.
Ru was greatly pleased with you.
You were hungry.

You visited 2 branches of the dungeon, and saw 10 of its levels.

You collected 401 gold pieces.

Inventory:

Hand Weapons
 d - a +0 morningstar (weapon)
Armour
 s - a +0 large shield
 t - a +1 plate armour of magic resistance (worn)
 u - a +2 buckler (worn)
Jewellery
 b - a ring of wizardry (left hand)
 h - an amulet of guardian spirit (around neck)
 o - a ring of resist corrosion (right hand)
 x - an uncursed ring of ice
Wands
 w - a wand of lightning (5/15)
Scrolls
 e - 2 scrolls of fog
 g - 8 scrolls of identify
 k - a scroll of amnesia
 m - 4 scrolls of enchant weapon
 n - a scroll of enchant armour
 q - a scroll of remove curse
Potions
 a - 2 potions of brilliance
 f - 2 potions of magic
Comestibles
 c - 3 bread rations
 p - 3 royal jellies
 r - 2 meat rations
 v - 3 fruits


   Skills:
 + Level 8.5 Fighting
 * Level 12.3 Maces & Flails
 + Level 7.4 Armour
 - Level 2.6 Dodging
 - Level 2.1 Stealth
 - Level 4.0 Shields


You had 7 spell levels left.
You knew the following spells:

 Your Spells              Type           Power        Failure   Level  Hunger
a - Blink                 Tloc           N/A          96%         2    ###....


Dungeon Overview and Level Annotations

Branches:
Dungeon (9/15)             Temple (1/1) D:5
   Lair: D:8-11         Orc: D:9-12

Altars:
Ashenzari
Cheibriados
Dithmenos
Elyvilon
Fedhas
Gozag
Hepliaklqana
Kikubaaqudgha
Makhleb
Nemelex Xobeh
Okawaru
Qazlal
Ru
Sif Muna
Trog
Uskayaw
Vehumet
Xom
Yredelemnul
Zin
The Shining One
Beogh

Annotations:
D:9 Grum


Innate Abilities, Weirdness & Mutations

You are resistant to torment.
Your stone body is resilient. (AC +7)
You are immune to poison.
You are frail. (-10% HP)
You resist negative energy. (rN+)
You are resistant to electric shocks. (rElec)
You can survive without breathing.
You are immune to petrification.
You are immune to rotting.
You are hated by all.


Message History

The fire elemental barely misses you. The fire elemental hits you.
The fire elemental burns you!
* * * LOW HITPOINT WARNING * * *
The deep elf mage begins to cast a spell, but is stunned by your will!
You impale the fire elemental!!
The fire elemental is almost destroyed.
The fire elemental hits you. The fire elemental burns you!
* * * LOW HITPOINT WARNING * * *
You closely miss the fire elemental.
The fire elemental is almost destroyed.
The fire elemental hits you. The fire elemental burns you!
* * * LOW HITPOINT WARNING * * *
The deep elf mage casts a spell.
The deep elf mage points at you and mumbles some strange words.
The bolt of fire hits the fire elemental.
The fire elemental completely resists.
The bolt of fire hits the fire elemental.
The fire elemental completely resists.
The bolt of fire hits you!
* * * LOW MAGIC WARNING * * *
You die...

#####+#####
#......##.#
####...#.#
##..##..#.#
#....#.##.#####
#.##......##
#.#....###..##
#..##..## ##..#
#.. #### ##@#
##. #E# ## #E#
.§e #.§..
##§... #§.E..
§##.e.+ # ##.#


You could see an earth elemental, 2 deep elf magi and 2 fire elementals.

Vanquished Creatures
  A two-headed ogre (D:8)
  A deep elf mage (D:9)
  Prince Ribbit (D:7)
  A hippogriff (D:8)
  Eustachio (D:5)
  A hungry ghost (D:7)
  An ice beast (D:8)
  5 orc warriors
  A sky beast (D:8)
  A black bear (D:8)
  A necrophage (D:8)
  3 ogres (D:8)
  3 centaurs
  2 phantoms
  2 wolves (D:9)
  2 big kobolds
  2 bullfrogs
  A gnoll sergeant (D:7)
  A water moccasin zombie (D:5)
  2 scorpions
  A water moccasin skeleton (D:8)
  14 killer bees
  13 wights
  A howler monkey (D:4)
  3 crimson imps
  3 jellies
  A quasit (D:5)
  3 centaur skeletons
  5 hounds
  5 orc priests
  7 orc wizards
  2 bullfrog skeletons
  3 iguanas
  Natasha (twice) (D:3)
  6 worker ants
  3 hound zombies
  2 hound skeletons
  A howler monkey skeleton (D:4)
  9 adders
  3 gnolls (D:7)
  2 shadow imps
  An ooze (D:3)
  An adder zombie (D:8)
  An adder skeleton (D:5)
  5 worms
  4 dart slugs
  4 leopard geckos
  43 orcs
  12 bats
  5 giant cockroaches
  9 hobgoblins
  3 jackals (D:3)
  3 quokkas
  2 ball pythons
  7 frilled lizards
  4 goblins
  19 kobolds
  6 rats
251 creatures vanquished.

Vanquished Creatures (others)
  A hound (D:7)
1 creature vanquished.

Grand Total: 252 creatures vanquished

Notes
Turn   | Place    | Note
-------+----------+-------------------------------------------
     0 | D:1      | Monsterracer the Gargoyle Monk began the quest for the Orb.
     0 | D:1      | Reached XP level 1. HP: 14/14 MP: 1/1
   292 | D:1      | Reached XP level 2. HP: 19/19 MP: 2/2
   905 | D:1      | Reached skill level 4 in Maces & Flails
  1074 | D:2      | Reached XP level 3. HP: 21/23 MP: 3/3
  2056 | D:3      | Reached XP level 4. HP: 26/28 MP: 4/4
  2236 | D:3      | Reached skill level 5 in Maces & Flails
  2474 | D:3      | Noticed Natasha
  2493 | D:3      | Killed Natasha
  2493 | D:3      | Reached XP level 5. HP: 10/32 MP: 1/5
  2871 | D:3      | Found a shadowy altar of Dithmenos.
  2871 | D:3      | Found a white marble altar of Elyvilon.
  2877 | D:3      | Found a radiant altar of Vehumet.
  2879 | D:3      | Found a hazy altar of Hepliaklqana.
  2881 | D:3      | Found a hide-covered altar of Uskayaw.
  3197 | D:3      | Noticed Natasha
  3201 | D:3      | Killed Natasha
  3201 | D:3      | Reached skill level 6 in Maces & Flails
  3225 | D:3      | Noticed a big kobold
  3254 | D:3      | Killed a big kobold
  3254 | D:3      | Reached XP level 6. HP: 36/37 MP: 6/6
  3577 | D:4      | Reached skill level 7 in Maces & Flails
  3825 | D:4      | Reached skill level 1 in Shields
  4449 | D:5      | Entered Level 5 of the Dungeon
  4459 | D:5      | Reached XP level 7. HP: 41/41 MP: 7/7
  4490 | D:5      | Noticed Eustachio
  4974 | D:5      | Reached skill level 1 in Armour
  5625 | D:5      | Reached skill level 8 in Maces & Flails
  5625 | D:5      | Reached XP level 8. HP: 24/48 MP: 5/8
  5816 | D:5      | Killed Eustachio
  5930 | D:5      | Learned a level 2 spell: Blink
  6008 | D:5      | Found a shattered altar of Ashenzari.
  6151 | D:5      | Found a staircase to the Ecumenical Temple.
  6186 | Temple   | Entered the Ecumenical Temple
  6973 | D:6      | Reached skill level 5 in Fighting
  7008 | D:6      | Found a glowing silver altar of Zin.
  7231 | D:6      | Found a bloodstained altar of Trog.
  7432 | D:6      | Reached skill level 9 in Maces & Flails
  7765 | D:6      | Reached XP level 9. HP: 43/54 MP: 7/9
  8412 | D:7      | Noticed Prince Ribbit
  8428 | D:7      | Killed Prince Ribbit
  8560 | D:7      | Found a sacrificial altar of Ru.
  8643 | D:7      | Became a worshipper of Ru the Awakened
  8652 | D:7      | Gained mutation: You are frail. (-10% HP) [Ru sacrifice]
  8652 | D:7      | Reached * piety under Ru
  8652 | D:7      | Reached ** piety under Ru
  9063 | D:8      | Reached skill level 5 in Armour
  9078 | D:8      | Reached skill level 10 in Maces & Flails
  9543 | D:7      | Found a shadowy altar of Dithmenos.
  9909 | D:8      | Reached XP level 10. HP: 40/56 MP: 10/10
  9992 | D:8      | Reached skill level 11 in Maces & Flails
 10217 | D:8      | Noticed a two-headed ogre
 10224 | D:8      | Killed a two-headed ogre
 10845 | D:8      | Found a roughly hewn altar of Beogh.
 11425 | D:8      | Reached skill level 12 in Maces & Flails
 11602 | D:9      | Gained mutation: You are hated by all. [Ru sacrifice]
 11602 | D:9      | Reached *** piety under Ru
 11602 | D:9      | Reached **** piety under Ru
 11627 | D:9      | Noticed Grum
 11868 | D:9      | Noticed a deep elf mage
 11869 | D:9      | Noticed a deep elf mage
 11876 | D:9      | Killed a deep elf mage
 11887 | D:9      | Noticed a deep elf mage
 11890 | D:9      | Killed from afar by a deep elf mage

Skill      XL: |  1  2  3  4  5  6  7  8  9 10 |
---------------+-------------------------------+-----
Maces & Flails | 4 5 6 7 8 9 10 12 | 12.3
Shields        | 1 2 4 |  4.0
Armour         | 2 4 5 7 |  7.4
Fighting       | 4 5 7 8 |  8.5
Dodging        | |  2.6
Stealth        | |  2.1

Action                   |  1- 3 |  4- 6 |  7- 9 | 10-12 || total
-------------------------+-------+-------+-------+-------++-------
Melee: Mace              |   123 |   192 |       |       ||   315
       Flail             |       |    74 |   374 |       ||   448
       Morningstar       |       |       |   487 |   358 ||   845
Invok: Sacrifice Health  |       |       |     1 |       ||     1
       Sacrifice Love    |       |       |       |     1 ||     1
  Use: Potion            |     3 |     3 |     5 |     3 ||    14
       Scroll            |       |     8 |     3 |     1 ||    12
 Stab: Sleeping          |     3 |       |       |       ||     3
       Invisible         |       |       |     1 |       ||     1
       Distracted        |       |       |       |     3 ||     3
  Eat: Chunk             |     4 |     7 |    16 |     6 ||    33
       Meat ration       |       |       |     1 |       ||     1
       Royal jelly       |       |       |     1 |       ||     1
Armor: Robe              |    33 |       |       |       ||    33
       Chain mail        |    49 |   190 |   755 |       ||   994
       Plate armour      |       |       |    43 |   199 ||   242
Dodge: Dodged            |    73 |    94 |   337 |    75 ||   579
Block: Buckler           |       |     2 |   236 |   121 ||   359
